 Dungeon Crawl Stone Soup version 0.32-a0-576-g706899e69d (webtiles) character file.

Game seed: 11343111299222932822

1091 BeKind the Shield-Bearer (level 8, -1/41 (55) HPs)
             Began as an Octopode Fighter on Mar 1, 2024.
             Was an Initiate of Gozag.
             Slain by Jeremiah
             ... wielding a +3 trident of draining
              (3 damage)
             ... on level 6 of the Dungeon.
             The game lasted 00:06:33 (4582 turns).

BeKind the Shield-Bearer (Octopode Fighter)         Turns: 4582, Time: 00:06:34

HP:   -1/41 (55)    AC:  1    Str: 17 (18) XL:     8   Next: 31%
MP:   8/8           EV: 14    Int:  9 (10) God:    Gozag
Gold: 328           SH:  5    Dex: 10 (11) Spells: 7/7 levels left

rFire   + . .        a - +1 trident
rCold   . . .        b - +0 buckler
rNeg    . . .        (helmet restricted)
rPois   .            (no amulet)
rElec   .            t - ring of protection from fire
rCorr   .            (no ring)
SInv    .            (no ring)
Will    .....        (no ring)
Stlth   ++           (no ring)
HPRegen 0.26/turn    (no ring)
MPRegen 0.11/turn    (no ring)
                     (no ring)

%: no passive effects
@: brilliant, very heavily drained
A: almost no armour, amphibious, 8 rings, camouflage 1, gelatinous body 1,
(nimble swimmer 1), tentacles
a: Renounce Religion, Potion Petition, Call Merchant, Bribe Branch


You were on level 6 of the Dungeon.
You worshipped Gozag.
Gozag was aware of your devotion.
You visited 2 branches of the dungeon, and saw 7 of its levels.

You collected 400 gold pieces.
You paid 72 gold pieces to Gozag.

Inventory:

Hand Weapons
 a - a +1 trident (weapon)
 o - a +2 quarterstaff of chaos
Armour
 b - a +0 buckler (worn)
 w - a +0 kite shield
Jewellery
 l - an amulet of the acrobat
 t - a ring of protection from fire (left tentacle)
Scrolls
 d - a scroll of immolation {unknown}
 e - a scroll of poison
 f - a scroll of identify
 g - 2 scrolls of enchant weapon
 i - 2 scrolls of revelation {unknown}
 j - 3 scrolls of noise
 k - 2 scrolls of enchant armour {unknown}
 q - a scroll of fear {unknown}
 v - a scroll of summoning {unknown}
Potions
 c - a potion of might
 h - 2 potions of heal wounds {unknown}
 m - 2 potions of degeneration
 s - a potion of mutation {unknown}
 u - 2 potions of berserk rage {unknown}
 x - a potion of magic


   Skills:
 + Level 5.3 Fighting
 + Level 4.7 Polearms
 + Level 5.3 Dodging
 * Level 6.2 Shields


You had 7 spell levels left.
You didn't know any spells.
Your spell library contained the following spells:

 Spells                   Type           Power      Damage    Failure   Level
 Apportation              Tloc           0%         N/A       45%         1
 Necrotise                Necr           0%         1d4       45%         1
 Shock                    Conj/Air       0%         1d3       45%         1
 Sting                    Conj/Alch      0%         1d3       45%         1
 Summon Small Mammal      Summ           0%         N/A       45%         1
 Ensorcelled Hibernation  Hex/Ice        0%         N/A       58%         2
 Passwall                 Erth           0%         N/A       83%         3
 Stone Arrow              Conj/Erth      0%         3d7       83%         3
 Swiftness                Air            0%         N/A       83%         3
 Airstrike                Air            0%         2d(0-16)  99%         4
 Lehudib's Crystal Spear  Conj/Erth      0%         10d2      100%        8
 Animate Armour           Summ/Erth      Unusable   N/A       N/A         4

Dungeon Overview and Level Annotations

Branches:
Dungeon (6/15)             Temple (1/1) D:5

Altars:
Ashenzari
Cheibriados
Dithmenos
Gozag
Hepliaklqana
Kikubaaqudgha
Okawaru
Ru
Trog
Uskayaw
Vehumet
Yredelemnul
Zin
The Shining One

Shops:
D:2 ?

Annotations:
D:5 Grinder
D:6 Jeremiah


Innate Abilities, Weirdness & Mutations

You cannot wear most types of armour.
You are amphibious.
You can wear up to eight rings at the same time.
Your skin changes colour to match your surroundings (Stealth+).
Your rubbery body absorbs attacks. (AC +1, EV +1)
((You are camouflaged when in or above water. (Stealth+)))
You have tentacles for arms and can constrict up to eight enemies at once.


Message History

Jeremiah blinks free of you.
Jeremiah hops free!
You barely miss the butterfly. Your grab misses the butterfly.
The butterfly disappears in a burst of colours!
The butterfly disappears in a burst of colours! x2
The butterfly disappears in a burst of colours!
The butterfly disappears in a burst of colours! x2
There is an open door here.
The butterfly disappears in a burst of colours!
The butterfly disappears in a burst of colours! x2
The butterfly disappears in a burst of colours!
Jeremiah is nearby!
The butterfly disappears in a burst of colours! x2
You start resting.
You start to feel less resistant.
You start resting.
Your resistance to elements expires.
Jeremiah is nearby!
Jeremiah is nearby!
Jeremiah is nearby!
Jeremiah trails rainbows from their fingertips.
Jeremiah hits you from afar with a +3 trident of draining!
* * * LOW HITPOINT WARNING * * *
You feel drained.
* * * LOW HITPOINT WARNING * * *
You are too injured to fight recklessly!
You are too injured to fight recklessly!
You are too injured to fight recklessly!
You are too injured to fight recklessly!
You puncture the butterfly!
You kill the butterfly!
The butterfly disappears in a burst of colours!
You block Jeremiah's attack.
You closely miss the butterfly. Your grab misses the butterfly.
Your squeeze misses the butterfly.
Jeremiah hits you from afar with a +3 trident of draining!
* * * LOW HITPOINT WARNING * * *
You feel drained.
You die...
Jeremiah asks, "What happened?
Did... did you die?"
Your body crumbles into a pile of gold.

######### .......>#
##.####.### #######
##.##.....# #..@bF#
#.......#.#####.##b#
#.#.....#........#.#
..#.....######...#.#
#.#..#### ####..#.#
#....#.[####).#..#.#
.##..#.('..+..#..#.#
....###'#.F#'#####.#
b.#####.b.......##.########


You could see Jeremiah.

Vanquished Creatures
  Menkaure (D:6)
  2 water moccasins
  Duvessa (D:6)
  An ice beast (D:5)
  An ogre (D:6)
  A phantom (D:4)
  A bullfrog (D:6)
  Dowan (D:6)
  A hound (D:5)
  A bombardier beetle (D:4)
  A sleepcap (D:6)
  Crazy Yiuf (D:3)
  An iguana (D:5)
  2 orc wizards
  Robin (D:3)
  4 adders
  A white imp (D:5)
  2 ufetubi (D:6)
  A dart slug (D:1)
  14 orcs
  3 ball pythons
  5 endoplasms
  4 giant cockroaches
  15 goblins
  11 hobgoblins
  8 kobolds
  5 quokkas
  8 bats
  3 frilled lizards
  3 rats (D:3)
  A spectral kobold (D:1)
105 creatures vanquished.

Notes
Turn   | Place    | Note
-------+----------+-------------------------------------------
     0 | D:1      | BeKind the Octopode Fighter began the quest for the Orb.
     0 | D:1      | Reached XP level 1. HP: 16/16 MP: 1/1
   100 | D:1      | Found a faded altar of an unknown god.
   108 | D:1      | Reached XP level 2. HP: 15/20 MP: 2/2
   283 | D:1      | Reached XP level 3. HP: 26/26 MP: 3/3
   698 | D:2      | Found Belui's Magic Scroll Emporium.
   853 | D:2      | Reached XP level 4. HP: 18/31 MP: 4/4
  1346 | D:3      | Noticed Robin
  1350 | D:3      | Killed Robin
  1737 | D:3      | Found a runed translucent door.
  1738 | D:3      | Noticed Crazy Yiuf
  1834 | D:3      | Reached XP level 5. HP: 37/37 MP: 5/5
  2027 | D:3      | Killed Crazy Yiuf
  2378 | D:4      | Noticed a phantom
  2393 | D:4      | Killed a phantom
  2394 | D:4      | Reached skill level 4 in Shields
  2394 | D:4      | Reached XP level 6. HP: 19/43 MP: 6/6
  2639 | D:4      | Found a glowing silver altar of Zin.
  3075 | D:5      | Entered Level 5 of the Dungeon
  3290 | D:5      | Noticed a water moccasin
  3298 | D:5      | Killed a water moccasin
  3298 | D:5      | HP: 1/44 [poisoned by a water moccasin]
  3299 | D:5      | Reached XP level 7. HP: 1/49 MP: 7/7
  3305 | D:5      | HP: 2/49 [hound (3)]
  3499 | D:5      | Found a staircase to the Ecumenical Temple.
  3505 | D:5      | Reached skill level 5 in Shields
  3508 | Temple   | Entered the Ecumenical Temple
  3531 | Temple   | Became a worshipper of Gozag Ym Sagoz the Greedy
  3610 | D:5      | Found a basalt altar of Yredelemnul.
  3679 | D:5      | Noticed Grinder
  3869 | D:6      | Reached skill level 5 in Dodging
  4058 | D:6      | Reached skill level 5 in Fighting
  4058 | D:6      | Reached XP level 8. HP: 37/55 MP: 8/8
  4322 | D:6      | Noticed Menkaure
  4322 | D:6      | Noticed Duvessa
  4323 | D:6      | Noticed Dowan
  4331 | D:6      | Killed Duvessa
  4332 | D:6      | Reached skill level 6 in Shields
  4335 | D:6      | Killed Menkaure
  4400 | D:6      | Noticed Jeremiah
  4493 | D:6      | Killed Dowan
  4582 | D:6      | HP: 2/43 [Jeremiah/+3 trident of draining (8)]
  4582 | D:6      | Slain by Jeremiah

Illustrated notes

Levels and vault maps discovered:
D:1:      dpeg_arrival_boxes_within_box, layout_basic,
          dreamdust_ecumenical_altar_drowned_temple
D:2:      layout_basic, serial_shops, nicolae_shop_behind_doors,
          grunt_ministairs_4
D:3:      layout_loops_ring, kennysheep_another_room, uniq_robin,
          uniq_crazy_yiuf_cottage
D:4:      layout_basic, kennysheep_mini
D:5:      layout_gridville, nicolae_overflow_hidden_temple,
          minmay_temple_entry_glassed_door, serial_shops,
          nicolae_shop_back_alley_shop, uniq_grinder
D:6:      layout_basic, grunt_temple_overflow_champion_of_chaos, minivault_10,
          kennysheep_generic_room_9, uniq_duvessa, uniq_menkaure,
          uniq_blork_the_orc, uniq_pikel, uniq_jeremiah
Temple:   minmay_temple_bridge_abc

Skill      XL: |  1  2  3  4  5  6  7  8 |
---------------+-------------------------+-----
Polearms       | 3 4 |  4.7
Fighting       | 4 5 |  5.3
Dodging        | 4 5 |  5.3
Shields        | 4 5 6 |  6.2

Action                     |  1- 3 |  4- 6 |  7- 9 || total
---------------------------+-------+-------+-------++-------
  Melee: Trident           |    72 |   126 |    75 ||   273
         Constrict         |    16 |    30 |    11 ||    57
         Tentacles         |     8 |    23 |    11 ||    42
    Use: Potion            |       |       |     7 ||     7
         Scroll            |       |       |     3 ||     3
   Stab: Sleeping          |     7 |    10 |     1 ||    18
         Distracted        |     1 |       |       ||     1
 Armour: Skin              |    16 |    47 |    30 ||    93
  Dodge: Dodged            |    31 |    48 |    37 ||   116
  Block: Buckler           |     5 |    16 |    17 ||    38

Table legend: (Time is in decaauts)
 A = Elapsed time spent in this place.
 B = Non-inter-level travel time spent in this place.
 C = Inter-level travel time spent in this place.
 D = Time resting spent in this place.
 E = Time spent auto-exploring this place.
 F = Levels seen in this place.
 G = Mean time per level.
                   A        B        C        D        E       F      G
               +--------+--------+--------+--------+--------+-----+--------+
         Total |   4627 |   4319 |    308 |     87 |   3451 |   7 |  661.0 |
       Dungeon |   4584 |   4315 |    269 |     87 |   3450 |   6 |  764.0 |
        Temple |     42 |      3 |     39 |      0 |      1 |   1 |   42.0 |
               +--------+--------+--------+--------+--------+-----+--------+

Top non-repeatable levels by time:
     D:3: 989 daAuts
     D:4: 938 daAuts
     D:6: 808 daAuts
     D:1: 635 daAuts
     D:2: 615 daAuts
     D:5: 596 daAuts
  Temple: 42 daAuts
